[Event "Czech open A"]
[Site "?"]
[Date "2013.07.24"]
[Round "6.47"]
[White "Koykka, Pekka"]
[Black "Rzayev, Bahruz"]
[Result "0-1"]
[ECO "C63"]
[WhiteElo "2250"]
[BlackElo "2429"]
[PlyCount "54"]
[EventDate "2013.??.??"]
[TimeControl "6000+760"]
[WhiteClock "0:07:09"]
[BlackClock "0:58:34"]

1. e4 e5 2. Nf3 Nc6 3. Bb5 f5 4. d3 Nf6 5. O-O Be7 6. Nc3 d6 7. exf5 O-O 8. d4
exd4 9. Nxd4 Nxd4 10. Qxd4 Bxf5 11. Nd5 Nxd5 12. Qxd5+ Kh8 13. Bd3 c6 14. Qb3
Qd7 15. Be3 d5 16. Rad1 b5 17. Bd4 Bd6 18. Bxf5 Rxf5 19. Qh3 c5 20. Be3 Qf7 21.
g3 d4 22. Bc1 Rf8 23. c3 Rxf2 24. cxd4 cxd4 25. Bd2 Qf3 26. Rde1 Bc5 27. b4 Bb6
0-1

[Event "Czech open A"]
[Site "?"]
[Date "2013.07.24"]
[Round "6.48"]
[White "Triapishko, Olexandr"]
[Black "Jorczik, Julian Marcel"]
[Result "1-0"]
[ECO "C04"]
[WhiteElo "2221"]
[BlackElo "2422"]
[PlyCount "47"]
[EventDate "2013.??.??"]
[TimeControl "6000+1415"]
[WhiteClock "0:40:10"]
[BlackClock "0:31:31"]

1. e4 e6 2. d4 d5 3. Nd2 Nc6 4. Ngf3 Nf6 5. e5 Nd7 6. Be2 f6 7. exf6 Qxf6 8.
Nf1 Bd6 9. Ne3 O-O 10. O-O Qg6 11. c4 Nf6 12. c5 Be7 13. Bb5 Bd7 14. Bxc6 Bxc6
15. Ne5 Qe8 16. N3g4 Bb5 17. Re1 b6 18. a4 Ba6 19. Nxf6+ gxf6 20. Qg4+ Kh8 21.
Bh6 Rg8 22. Qxe6 Rxg2+ 23. Kxg2 Qg8+ 24. Ng4 1-0

[Event "Czech open A"]
[Site "?"]
[Date "2013.07.24"]
[Round "6.49"]
[White "Westerberg, Jonathan"]
[Black "Vlasak, Lukas"]
[Result "1-0"]
[ECO "E15"]
[WhiteElo "2410"]
[BlackElo "2296"]
[Annotator "Doe,John"]
[PlyCount "81"]
[EventDate "2013.??.??"]
[TimeControl "6000+1330"]
[WhiteClock "0:38:45"]
[BlackClock "0:36:39"]

1. d4 Nf6 2. c4 e6 3. Nf3 b6 4. g3 Ba6 5. Qc2 c5 6. d5 exd5 7. cxd5 Bb7 8. Bg2
d6 9. O-O g6 10. Nc3 Bg7 11. Qa4+ Nbd7 12. Bf4 Qb8 13. Nb5 Bf8 14. Bh3 Bc8 15.
Nc3 Be7 16. Bh6 a6 17. Qf4 Qc7 18. Rad1 Nh5 19. Qc1 b5 20. Bg2 b4 21. Nb1 Ndf6
22. h3 Ng8 23. Be3 Bb7 24. Nfd2 Ng7 25. Nc4 Nf6 26. Bg5 O-O 27. e4 Rad8 28.
Rfe1 Nfe8 29. Bxe7 Qxe7 30. Kh2 f6 31. Nbd2 Qc7 32. Nb3 Kh8 33. f4 a5 34. Nbxa5
Ra8 35. Nxb7 Qxb7 36. e5 Nf5 37. exd6 Rxa2 38. g4 Nfxd6 39. Nxd6 Nxd6 40. Qxc5
Rd8 41. Re6 1-0

[Event "Czech open A"]
[Site "?"]
[Date "2013.07.24"]
[Round "6.50"]
[White "Kanovsky, David"]
[Black "Wenninger, Philipp"]
[Result "1-0"]
[ECO "B18"]
[WhiteElo "2389"]
[BlackElo "2229"]
[PlyCount "61"]
[EventDate "2013.??.??"]
[TimeControl "6000+1165"]
[WhiteClock "0:26:50"]
[BlackClock "0:01:10"]

1. e4 c6 2. d4 d5 3. Nc3 dxe4 4. Nxe4 Bf5 5. Ng3 Bg6 6. h4 h6 7. h5 Bh7 8. Nf3
Nd7 9. Bd3 Bxd3 10. Qxd3 e6 11. Bd2 Ngf6 12. O-O-O Be7 13. Qe2 O-O 14. Nf1 c5
15. g4 Nh7 16. Kb1 Rc8 17. dxc5 Nxc5 18. Bxh6 Qb6 19. Be3 Bf6 20. c4 Qc6 21.
N1d2 Na4 22. Nd4 Qb6 23. N2b3 Rfd8 24. f4 Qc7 25. g5 Bxd4 26. Bxd4 Qxc4 27. Qe5
f6 28. gxf6 Nxf6 29. Rhg1 Rc7 30. Rd2 Rdc8 31. Qxf6 1-0

[Event "Czech open A"]
[Site "?"]
[Date "2013.07.24"]
[Round "6.51"]
[White "Hampel, Felix"]
[Black "Druska, Juraj"]
[Result "1-0"]
[ECO "B38"]
[WhiteElo "2121"]
[BlackElo "2385"]
[PlyCount "71"]
[EventDate "2013.??.??"]
[TimeControl "6000+685"]
[WhiteClock "0:51:35"]
[BlackClock "0:13:25"]

1. e4 c5 2. Nf3 Nc6 3. d4 cxd4 4. Nxd4 g6 5. c4 Bg7 6. Be3 Nf6 7. Nc3 O-O 8.
Be2 d6 9. O-O Nxd4 10. Bxd4 Bd7 11. Qd2 Bc6 12. Bd3 a5 13. Rfe1 Nd7 14. Bxg7
Kxg7 15. Re3 Nf6 16. Rae1 a4 17. Nd5 e6 18. Nc3 Qb6 19. Bf1 Rfd8 20. Rd3 Rd7
21. Rxd6 Rxd6 22. Qxd6 Rd8 23. Qe5 Qxb2 24. g4 h6 25. h4 Rd2 26. g5 hxg5 27.
hxg5 Rxf2 28. gxf6+ Rxf6 29. Re2 Qb6+ 30. c5 Qd8 31. Rf2 g5 32. Be2 Kg6 33.
Bh5+ Kg7 34. Qxg5+ Rg6 35. Rxf7+ Kh8 36. Rh7+ 1-0

[Event "Czech open A"]
[Site "?"]
[Date "2013.07.24"]
[Round "6.52"]
[White "Cvek, Robert"]
[Black "Krapivin, Vladislav"]
[Result "1-0"]
[ECO "A53"]
[WhiteElo "2527"]
[BlackElo "2340"]
[PlyCount "81"]
[EventDate "2013.??.??"]
[TimeControl "6000+1955"]
[WhiteClock "0:55:04"]
[BlackClock "0:30:40"]

1. d4 Nf6 2. c4 d6 3. Nf3 c6 4. Nc3 Bg4 5. e4 Nbd7 6. Be2 e5 7. Be3 Be7 8. O-O
O-O 9. d5 a6 10. Ne1 Bxe2 11. Qxe2 cxd5 12. cxd5 Qb8 13. Nd3 Bd8 14. Rfc1 Bb6
15. Bxb6 Nxb6 16. f3 Rc8 17. Qf2 Nbd7 18. Nd1 Ne8 19. Ne3 Qa7 20. Nc4 Qxf2+ 21.
Kxf2 a5 22. a4 b6 23. Rc3 Nc5 24. Nxc5 bxc5 25. Nb6 Rcb8 26. Nxa8 Rxb2+ 27. Ke3
Rb8 28. Raa3 f5 29. Rab3 Rxa8 30. Rb7 h5 31. Rcb3 Kf8 32. Rb8 Rxb8 33. Rxb8 Ke7
34. Rb7+ Kd8 35. Rf7 fxe4 36. fxe4 Nf6 37. Rxg7 Nd7 38. Rg6 Kc7 39. h4 Nb6 40.
g4 Nxa4 41. gxh5 1-0

[Event "Czech open A"]
[Site "?"]
[Date "2013.07.24"]
[Round "6.53"]
[White "Krensing, Jan"]
[Black "Sipos, Istvan"]
[Result "1/2-1/2"]
[ECO "E41"]
[WhiteElo "2325"]
[BlackElo "2471"]
[PlyCount "92"]
[EventDate "2013.??.??"]
[TimeControl "6000+1045"]
[WhiteClock "0:22:50"]
[BlackClock "0:31:19"]

1. d4 Nf6 2. c4 e6 3. Nc3 Bb4 4. e3 c5 5. Bd3 Nc6 6. Nge2 d5 7. cxd5 exd5 8. a3
Bxc3+ 9. bxc3 c4 10. Bc2 Ne7 11. f3 Bf5 12. Ng3 Bxc2 13. Qxc2 h5 14. e4 h4 15.
Ne2 Qd7 16. Bg5 Rh5 17. Bxf6 gxf6 18. Nf4 Rg5 19. O-O O-O-O 20. Rf2 Rdg8 21.
Qe2 Qc7 22. Nxd5 Nxd5 23. exd5 h3 24. g3 Rxd5 25. Rb1 Kb8 26. Rb4 a5 27. Rb1
Rd6 28. Qf1 Re6 29. Rfb2 Rge8 30. Rxb7+ Qxb7 31. Rxb7+ Kxb7 32. Qxc4 R8e7 33.
g4 Re2 34. Qb5+ Kc8 35. Qa6+ Kd7 36. Kf1 Rb2 37. d5 f5 38. gxf5 Kd8 39. Qxa5+
Kd7 40. Qa6 Kd8 41. Qd6+ Ke8 42. f6 Re1+ 43. Kxe1 Re2+ 44. Kf1 Rf2+ 45. Kg1
Rg2+ 46. Kh1 Rg1+ 1/2-1/2

[Event "Czech open A"]
[Site "?"]
[Date "2013.07.24"]
[Round "6.54"]
[White "Zorko, Jure"]
[Black "Stromboli, Ettore"]
[Result "1-0"]
[ECO "E06"]
[WhiteElo "2459"]
[BlackElo "2335"]
[PlyCount "95"]
[EventDate "2013.??.??"]
[TimeControl "6000+1620"]
[WhiteClock "0:06:51"]
[BlackClock "0:08:04"]

1. d4 Nf6 2. c4 e6 3. g3 d5 4. Nf3 Be7 5. Bg2 O-O 6. O-O b6 7. cxd5 exd5 8. Nc3
Bb7 9. Ne5 Re8 10. Qa4 Bd6 11. Bg5 c6 12. Bxf6 Qxf6 13. Nxd5 Qd8 14. Ne3 Bxe5
15. dxe5 Rxe5 16. Rfd1 Qc7 17. Qf4 Na6 18. Rd2 Nc5 19. Rad1 Ne6 20. Qh4 Nf8 21.
Nc4 Re7 22. Nd6 Rd8 23. Qc4 Ne6 24. Nxb7 Rxd2 25. Rxd2 Qxb7 26. Qxc6 Qxc6 27.
Bxc6 Rc7 28. Bd7 Kf8 29. Bxe6 fxe6 30. h4 Ke7 31. Kg2 Rc4 32. Kf3 Rc5 33. e4
Ra5 34. a3 Rc5 35. Ke3 Rc1 36. Kd3 Kd7 37. Rc2 Re1 38. Re2 Rf1 39. Ke3 Rc1 40.
Kf4 Ke7 41. f3 Rc5 42. Re3 a5 43. Rb3 b5 44. Rc3 Rh5 45. e5 Rf5+ 46. Ke4 h5 47.
Rc7+ Kf8 48. Rb7 1-0

[Event "Czech open A"]
[Site "?"]
[Date "2013.07.24"]
[Round "6.55"]
[White "Vetoshko, Volodymyr"]
[Black "Mammadov, Zaur"]
[Result "0-1"]
[ECO "C03"]
[WhiteElo "2268"]
[BlackElo "2437"]
[PlyCount "112"]
[EventDate "2013.??.??"]
[TimeControl "6000+910"]
[WhiteClock "0:02:49"]
[BlackClock "0:36:27"]

1. e4 e6 2. d4 d5 3. Nd2 dxe4 4. Nxe4 Nf6 5. Bg5 Be7 6. Bxf6 gxf6 7. Nf3 f5 8.
Ng3 a6 9. Bd3 Nc6 10. c3 Qd6 11. Qe2 Bd7 12. O-O-O O-O-O 13. Kb1 Kb8 14. Rhe1
Qf4 15. Qc2 Rhg8 16. b4 Bd6 17. a4 Ne7 18. b5 a5 19. Ne5 Bxe5 20. Rxe5 Bc8 21.
f3 Nd5 22. Rde1 Qh6 23. Nf1 Nf4 24. g3 Nxd3 25. Qxd3 f6 26. R5e2 e5 27. Qc4
Rge8 28. f4 Be6 29. Qd3 Qg7 30. Nd2 Bf7 31. Kb2 exd4 32. Rxe8 Bxe8 33. cxd4 Qd7
34. Nb3 b6 35. Qc3 Bf7 36. Qc6 Qxc6 37. bxc6 Re8 38. Rxe8+ Bxe8 39. d5 Bf7 40.
Nd4 Bxd5 41. Nxf5 Bxc6 42. Ne7 Bxa4 43. f5 Bd1 44. h3 b5 45. g4 a4 46. Nd5 c6
47. Nxf6 b4 48. g5 a3+ 49. Ka2 Be2 50. g6 hxg6 51. fxg6 Bc4+ 52. Kb1 Bd3+ 53.
Ka2 Bxg6 54. h4 Bf7+ 55. Kb1 b3 56. h5 Be6 0-1

[Event "Czech open A"]
[Site "?"]
[Date "2013.07.24"]
[Round "6.56"]
[White "Sergeev, Vladimir"]
[Black "Kazakov, Konstantin"]
[Result "0-1"]
[ECO "A01"]
[WhiteElo "2436"]
[BlackElo "2307"]
[PlyCount "126"]
[EventDate "2013.??.??"]
[TimeControl "6000+880"]
[WhiteClock "0:07:37"]
[BlackClock "2:03:14"]

1. b3 e5 2. Bb2 d6 3. e3 Nf6 4. Nf3 g6 5. d4 e4 6. Nfd2 d5 7. Be2 Bd6 8. c4 c6
9. Ba3 O-O 10. Bxd6 Qxd6 11. Nc3 h5 12. Rc1 a6 13. h3 b5 14. a4 b4 15. Ncb1 a5
16. Qc2 Ba6 17. O-O Nbd7 18. Rfd1 Kg7 19. Nf1 Rfe8 20. Rd2 Nf8 21. cxd5 Bxe2
22. Rxe2 cxd5 23. Qc6 Qb8 24. Qc7 Ne6 25. Qxb8 Rexb8 26. Rec2 Kf8 27. Nbd2 Ke7
28. f3 exf3 29. gxf3 Kd7 30. f4 Rc8 31. Nf3 Rxc2 32. Rxc2 Ne4 33. Ne5+ Ke7 34.
Rc6 Nd8 35. Rc2 Nc3 36. Ng3 h4 37. Ne2 Nxe2+ 38. Rxe2 Rc8 39. e4 Kd6 40. exd5
Rc1+ 41. Kf2 Kxd5 42. Re3 Ne6 43. Nxf7 Rc2+ 44. Re2 Rxe2+ 45. Kxe2 Nxd4+ 46.
Kd3 Nxb3 47. Nh8 Nc5+ 48. Kc2 Kc4 49. Nxg6 b3+ 50. Kb1 Nxa4 51. f5 Nc3+ 52. Kb2
Nd1+ 53. Kc1 Kc3 54. Nf4 b2+ 55. Kb1 a4 56. Ne2+ Kd2 57. f6 Kxe2 58. f7 a3 59.
f8=Q Nc3+ 60. Kc2 b1=Q+ 61. Kxc3 Qb2+ 62. Kc4 a2 63. Qe7+ Kd1 0-1

[Event "Czech open A"]
[Site "?"]
[Date "2013.07.24"]
[Round "6.57"]
[White "Valli, Frans"]
[Black "Mazur, Stefan"]
[Result "1-0"]
[ECO "E94"]
[WhiteElo "2237"]
[BlackElo "2409"]
[PlyCount "169"]
[EventDate "2013.??.??"]
[TimeControl "6000+805"]
[WhiteClock "0:11:45"]
[BlackClock "0:05:09"]

1. Nf3 Nf6 2. c4 g6 3. Nc3 Bg7 4. e4 O-O 5. d4 d6 6. Be2 e5 7. O-O Na6 8. Be3
exd4 9. Nxd4 Re8 10. f3 c6 11. Bf2 Nh5 12. Qd2 Nc5 13. Rad1 Ne6 14. Nxe6 Bxe6
15. g4 Nf6 16. Qxd6 Nd7 17. f4 Nb6 18. Qxd8 Raxd8 19. Rxd8 Rxd8 20. f5 Bc8 21.
Rd1 Re8 22. Bd4 Nd7 23. Kf2 Be5 24. Bxe5 Nxe5 25. Kg3 g5 26. c5 f6 27. Kf2 Kf7
28. Ke3 b6 29. cxb6 axb6 30. Na4 Nd7 31. Bc4+ Kg7 32. Be6 Ne5 33. Bxc8 Nxg4+
34. Kf3 Ne5+ 35. Ke3 Rxc8 36. Nxb6 Rb8 37. Na4 h5 38. b3 h4 39. Rd2 g4 40. Nc5
Kf7 41. Nd7 Rg8 42. Nxe5+ fxe5 43. Rd7+ Ke8 44. Rd6 g3 45. hxg3 Rxg3+ 46. Kf2
Rc3 47. Kg2 Kf7 48. Re6 c5 49. Kh2 h3 50. Rxe5 Kf6 51. Rd5 c4 52. bxc4 Rxc4 53.
Kxh3 Rxe4 54. Ra5 Rf4 55. a4 Rb4 56. Kg2 Rb2+ 57. Kf3 Rb4 58. Ke2 Rh4 59. Kd3
Rg4 60. Kc3 Rh4 61. Kb3 Rh3+ 62. Kc4 Rh4+ 63. Kc3 Rg4 64. Kd2 Rh4 65. Ke3 Rg4
66. Kf3 Rb4 67. Kg3 Rc4 68. Kh2 Rg4 69. Kh1 Kg5 70. Kh2 Kf6 71. Kh3 Rb4 72. Kg3
Rc4 73. Kf2 Rb4 74. Ke1 Rh4 75. Kd1 Rg4 76. Kc2 Rh4 77. Kb2 Rg4 78. Kb3 Rg3+
79. Kc4 Rg4+ 80. Kd5 Kxf5 81. Ra8 Kf6 82. a5 Ke7 83. a6 Kf7 84. a7 Rg5+ 85. Kc6
1-0

[Event "Czech open A"]
[Site "?"]
[Date "2013.07.24"]
[Round "6.58"]
[White "Matsenko, Andrei"]
[Black "Karavade, Eesha"]
[Result "1/2-1/2"]
[ECO "B92"]
[WhiteElo "2235"]
[BlackElo "2398"]
[PlyCount "119"]
[EventDate "2013.??.??"]
[TimeControl "6000+725"]
[WhiteClock "0:10:08"]
[BlackClock "0:14:45"]

1. e4 c5 2. Nf3 d6 3. d4 Nf6 4. Nc3 cxd4 5. Nxd4 a6 6. Be2 e5 7. Nb3 Be7 8. O-O
O-O 9. Re1 Be6 10. Bf3 Nbd7 11. a4 Qc7 12. a5 Rac8 13. Be3 Rfd8 14. Re2 h6 15.
h3 Qb8 16. Rd2 Nf8 17. Nc1 Ng6 18. N1a2 Rc4 19. b3 Rcc8 20. Na4 Nh4 21. Nb6 Rc7
22. c4 Rf8 23. Nc3 Qe8 24. Be2 Nd7 25. Ncd5 Rc6 26. Nb4 Nxb6 27. Bxb6 Rc8 28.
Nd5 Bg5 29. Rd3 Bd8 30. g3 Ng6 31. Bg4 Kh7 32. h4 Ne7 33. Ne3 Bxg4 34. Qxg4
Bxb6 35. axb6 Qc6 36. Rad1 Rcd8 37. b4 Qxb6 38. c5 dxc5 39. bxc5 Qc7 40. Nd5
Nxd5 41. Rxd5 Kg8 42. Qf5 a5 43. Rd6 Rde8 44. R1d5 a4 45. Rxe5 Rxe5 46. Qxe5 a3
47. Qc3 Ra8 48. Rd1 a2 49. Ra1 b5 50. c6 Ra6 51. Qc2 b4 52. Kg2 Ra3 53. Qc5 Ra6
54. Qc4 Ra8 55. Kg1 h5 56. e5 Qxe5 57. Rxa2 Qe1+ 58. Kh2 Rxa2 59. Qxa2 b3 60.
c7 1/2-1/2

[Event "Czech open A"]
[Site "?"]
[Date "2013.07.24"]
[Round "6.59"]
[White "Talla, Vladimir"]
[Black "Shemeakin, Alexander"]
[Result "1/2-1/2"]
[ECO "A11"]
[WhiteElo "2394"]
[BlackElo "2299"]
[PlyCount "282"]
[EventDate "2013.??.??"]
[TimeControl "6000+1270"]
[WhiteClock "0:06:58"]
[BlackClock "0:07:17"]

1. c4 c6 2. Nf3 d5 3. e3 Nf6 4. Nc3 a6 5. Qc2 b5 6. b3 g6 7. cxb5 axb5 8. d4
Bg7 9. Bd3 O-O 10. O-O Na6 11. Ne5 Nb4 12. Qd2 Nxd3 13. Nxd3 Qd6 14. a4 b4 15.
Na2 Ne4 16. Qc2 c5 17. dxc5 Nxc5 18. Qxc5 Qxc5 19. Nxc5 Bxa1 20. Nxb4 Ra5 21.
Nxd5 Re8 22. b4 Ra7 23. Ba3 Be5 24. b5 Bd6 25. Ra1 Be6 26. Nxe6 Rxa4 27. Nec7
Rd8 28. b6 Rxa3 29. Rb1 e6 30. Nf6+ Kf8 31. Nxh7+ Kg7 32. Nb5 Kxh7 33. Nxa3
Bxa3 34. b7 Rb8 35. h4 Kg7 36. g3 Kf6 37. Kg2 Ke7 38. Kf3 Bd6 39. e4 Kd7 40.
Kg4 Be7 41. f4 Kc7 42. e5 Rxb7 43. Rc1+ Kd7 44. h5 Rb8 45. hxg6 Rg8 46. g7
Rxg7+ 47. Kf3 Rh7 48. Rc2 Rh1 49. Kg2 Rb1 50. Rd2+ Kc6 51. Kf3 Rb3+ 52. Kg4 Bc5
53. Kh4 Bb4 54. Rd1 Re3 55. Kg5 Be7+ 56. Kg4 Kc7 57. Rd4 Rb3 58. Rd2 Rb5 59.
Rd1 Rd5 60. Rh1 Rd8 61. Rh7 Rg8+ 62. Kf3 Rf8 63. Rg7 Kd7 64. Rh7 Ke8 65. Rh1
Rg8 66. Rc1 Kf8 67. Rc7 Rh8 68. Kg2 Bd8 69. Rb7 Kg7 70. Rd7 Kg6 71. Rb7 Re8 72.
Rd7 Be7 73. Rc7 Bf8 74. Rc6 Ra8 75. Kf3 Kh5 76. g4+ Kh4 77. f5 exf5 78. gxf5
Ra3+ 79. Ke4 Ra4+ 80. Kd5 Ra5+ 81. Ke4 Kg5 82. Rc7 f6 83. exf6 Kxf6 84. Rc6+
Kf7 85. Rc7+ Be7 86. Rb7 Ra1 87. Kf4 Rd1 88. Ke4 Kf6 89. Rb6+ Bd6 90. Ra6 Kg5
91. f6 Kxf6 92. Ra8 Ke6 93. Re8+ Be7 94. Ra8 Rh1 95. Re8 Rh4+ 96. Kd3 Kd6 97.
Ra8 Kd5 98. Re8 Rh3+ 99. Ke2 Bf6 100. Kd2 Be5 101. Ke2 Ke4 102. Re7 Rh2+ 103.
Ke1 Kd4 104. Kf1 Bf4 105. Re2 Rh8 106. Re7 Be5 107. Ke2 Ke4 108. Re6 Rh2+ 109.
Ke1 Kf4 110. Kd1 Rh5 111. Ke2 Rh3 112. Re8 Re3+ 113. Kf2 Re4 114. Rf8+ Kg4 115.
Rg8+ Kf5 116. Rf8+ Bf6 117. Kf3 Rf4+ 118. Ke3 Kg4 119. Rg8+ Bg5 120. Kd3 Ra4
121. Rg7 Kf5 122. Rf7+ Ke5 123. Rf8 Rd4+ 124. Ke2 Bf4 125. Kf3 Rd3+ 126. Ke2
Ra3 127. Re8+ Kd4 128. Rd8+ Ke4 129. Re8+ Be5 130. Re7 Ra2+ 131. Ke1 Kf4 132.
Kd1 Bd4 133. Re2 Ra1+ 134. Kc2 Be3 135. Kd3 Ra8 136. Rh2 Rd8+ 137. Kc4 Ke4 138.
Rh4+ Bf4 139. Rh5 Rd4+ 140. Kb5 Rd2 141. Kc4 Rc2+ 1/2-1/2

[Event "Czech open A"]
[Site "?"]
[Date "2013.07.24"]
[Round "6.60"]
[White "Zwardon, Vojtech"]
[Black "Cerveny, Petr"]
[Result "1/2-1/2"]
[ECO "A10"]
[WhiteElo "2391"]
[BlackElo "2285"]
[PlyCount "100"]
[EventDate "2013.??.??"]
[TimeControl "6000+1090"]
[WhiteClock "1:18:16"]
[BlackClock "0:06:10"]

1. c4 b6 2. Nf3 Bb7 3. g3 Bxf3 4. exf3 c5 5. d4 Nc6 6. d5 Nd4 7. Be3 Nf5 8. Bd2
g6 9. Bc3 Bg7 10. Bxg7 Nxg7 11. Bd3 Nf6 12. Nc3 O-O 13. Qd2 e6 14. O-O exd5 15.
cxd5 Nfe8 16. Qf4 Qf6 17. Qxf6 Nxf6 18. Rfe1 Rae8 19. Ne4 Nxe4 20. fxe4 d6 21.
a4 f5 22. exf5 Nxf5 23. Bxf5 gxf5 24. f4 Kf7 25. h3 Rxe1+ 26. Rxe1 Re8 27. Rxe8
Kxe8 28. g4 fxg4 29. hxg4 a6 30. Kf2 Kf7 31. Ke3 b5 32. axb5 axb5 33. Kf3 Kg6
34. Ke4 h6 35. Kf3 h5 36. gxh5+ Kxh5 37. Ke3 Kg6 38. Kf3 Kf5 39. Ke3 Kf6 40.
Kf3 Kf5 41. Ke3 b4 42. Kf3 Kf6 43. Ke3 Kg6 44. Ke4 b3 45. Kd3 Kh5 46. Ke3 Kh4
47. Kd3 Kh5 48. Ke3 Kg6 49. Ke4 Kf6 50. Kd3 Kf5 1/2-1/2

[Event "Czech open A"]
[Site "?"]
[Date "2013.07.24"]
[Round "6.61"]
[White "Potapov, Alexander"]
[Black "Tate, Alan"]
[Result "1-0"]
[ECO "D85"]
[WhiteElo "2389"]
[BlackElo "2277"]
[PlyCount "43"]
[EventDate "2013.??.??"]
[TimeControl "6000+1215"]
[WhiteClock "0:39:36"]
[BlackClock "0:07:28"]

1. d4 Nf6 2. c4 g6 3. Nc3 d5 4. cxd5 Nxd5 5. e4 Nxc3 6. bxc3 Bg7 7. Qa4+ Bd7 8.
Qa3 O-O 9. Nf3 b6 10. Bg5 c5 11. Rd1 Qc7 12. Be2 Bg4 13. O-O Nd7 14. Bxe7 Rfe8
15. d5 Qf4 16. d6 Qxe4 17. Rfe1 Qc2 18. Rc1 Qf5 19. h3 Bxh3 20. gxh3 Qxh3 21.
Qa4 Ne5 22. Qf4 1-0

[Event "Czech open A"]
[Site "?"]
[Date "2013.07.24"]
[Round "6.62"]
[White "Zatschek, Mark"]
[Black "Nun, Jiri"]
[Result "0-1"]
[ECO "A43"]
[WhiteElo "2174"]
[BlackElo "2387"]
[PlyCount "100"]
[EventDate "2013.??.??"]
[TimeControl "6000+880"]
[WhiteClock "0:25:54"]
[BlackClock "0:27:13"]

1. d4 c5 2. e3 Nf6 3. Nf3 g6 4. Bd3 Bg7 5. O-O O-O 6. b3 cxd4 7. exd4 d5 8.
Nbd2 Nc6 9. c3 a6 10. Re1 Re8 11. Ne5 Qc7 12. Ndf3 Nxe5 13. dxe5 Ng4 14. Qe2
Qxc3 15. Bb2 Qb4 16. h3 Nh6 17. g4 e6 18. Qe3 Bd7 19. Bd4 Rec8 20. Rec1 Bf8 21.
Bf1 Rxc1 22. Rxc1 Bc6 23. Bd3 Kg7 24. Rc2 Ng8 25. Bc3 Qe7 26. Nd4 Bd7 27. f4
Kh8 28. f5 Bh6 29. Qf2 gxf5 30. gxf5 Qg5+ 31. Kf1 Qh5 32. Qf3 Qxf3+ 33. Nxf3
Ne7 34. f6 Nc6 35. Bd2 Bxd2 36. Rxd2 Rg8 37. Rg2 Nb4 38. Bb1 Bb5+ 39. Kg1 Rxg2+
40. Kxg2 Bd3 41. Bxd3 Nxd3 42. a3 h6 43. Kg3 Kh7 44. Kg4 a5 45. a4 Nc5 46. Nd4
Kg6 47. h4 h5+ 48. Kg3 Nd3 49. Nb5 Nxe5 50. Nd6 b6 0-1

[Event "Czech open A"]
[Site "?"]
[Date "2013.07.24"]
[Round "6.63"]
[White "Usmanov, Vasily"]
[Black "Golubov, Saveliy"]
[Result "1/2-1/2"]
[ECO "E06"]
[WhiteElo "2386"]
[BlackElo "2242"]
[PlyCount "71"]
[EventDate "2013.??.??"]
[TimeControl "6000+2340"]
[WhiteClock "0:33:11"]
[BlackClock "0:03:20"]

1. d4 Nf6 2. c4 e6 3. Nf3 d5 4. g3 Be7 5. Bg2 O-O 6. O-O dxc4 7. Ne5 Nc6 8.
Nxc6 bxc6 9. Na3 Nd5 10. Nxc4 Ba6 11. b3 Rb8 12. Qc2 Nb4 13. Qd2 Bf6 14. Ba3 c5
15. e3 Bxc4 16. bxc4 Qd7 17. Rab1 a5 18. Rfd1 Qa4 19. Bxb4 Rxb4 20. Rxb4 cxb4
21. c5 Rb8 22. Rb1 Rd8 23. Be4 e5 24. d5 b3 25. f3 Qxa2 26. Qxa2 bxa2 27. Ra1
Be7 28. d6 cxd6 29. c6 d5 30. Bf5 Bd6 31. Rxa2 Bc7 32. Rd2 a4 33. Bc2 Ra8 34.
Rxd5 a3 35. Rd1 a2 36. Ra1 1/2-1/2

[Event "Czech open A"]
[Site "?"]
[Date "2013.07.24"]
[Round "6.64"]
[White "Nemcova, Katerina"]
[Black "Dorst, Johannes"]
[Result "0-1"]
[ECO "B90"]
[WhiteElo "2382"]
[BlackElo "2236"]
[PlyCount "90"]
[EventDate "2013.??.??"]
[TimeControl "6000+885"]
[WhiteClock "0:35:45"]
[BlackClock "0:34:59"]

1. e4 c5 2. Nf3 d6 3. d4 cxd4 4. Nxd4 Nf6 5. Nc3 a6 6. Be3 e5 7. Nb3 Be7 8. f3
Be6 9. Qd2 O-O 10. O-O-O a5 11. Qe1 Qc8 12. a4 Nc6 13. Kb1 Nb4 14. Qf2 d5 15.
exd5 Nfxd5 16. Nxd5 Bxd5 17. Rxd5 Nxd5 18. Bb5 Nxe3 19. Qxe3 Qc7 20. Re1 Rac8
21. c3 Bf6 22. Nd2 g6 23. Nc4 Bg7 24. Qa7 Ra8 25. Qb6 Qxb6 26. Nxb6 Ra7 27. Kc2
Rd8 28. Re2 f6 29. b4 Bf8 30. Kb3 Kg7 31. Nc4 axb4 32. cxb4 Rd3+ 33. Kc2 Rd4
34. Kb3 Ra8 35. a5 Rad8 36. Ka4 Rd1 37. Rc2 R8d4 38. Rb2 f5 39. a6 Ra1+ 40. Na3
bxa6 41. Bxa6 e4 42. fxe4 fxe4 43. Be2 Bd6 44. h3 Bf4 45. Kb3 Rxa3+ 0-1

[Event "Czech open A"]
[Site "?"]
[Date "2013.07.24"]
[Round "6.65"]
[White "Bures, Jaroslav"]
[Black "Pechac, Jergus"]
[Result "1-0"]
[ECO "B32"]
[WhiteElo "2379"]
[BlackElo "2182"]
[PlyCount "25"]
[EventDate "2013.??.??"]
[TimeControl "6000+340"]
[WhiteClock "1:21:18"]
[BlackClock "1:28:53"]

1. e4 c5 2. Nf3 Nc6 3. d4 cxd4 4. Nxd4 d5 5. exd5 Qxd5 6. Be3 e6 7. Nc3 Bb4 8.
Qg4 Qe5 9. O-O-O Bxc3 10. bxc3 Bd7 11. Nxc6 Bxc6 12. Bd4 Nh6 13. Qxg7 1-0

[Event "Czech open A"]
[Site "?"]
[Date "2013.07.24"]
[Round "6.66"]
[White "Grigorian, Spartak"]
[Black "Vyskocil, Neklan"]
[Result "0-1"]
[ECO "E55"]
[WhiteElo "2131"]
[BlackElo "2374"]
[PlyCount "68"]
[EventDate "2013.??.??"]
[TimeControl "6000+500"]
[WhiteClock "1:03:47"]
[BlackClock "0:22:13"]

1. d4 Nf6 2. c4 e6 3. Nc3 Bb4 4. e3 O-O 5. Bd3 c5 6. Nf3 d5 7. O-O dxc4 8. Bxc4
Nbd7 9. a3 Ba5 10. Bd2 Bc7 11. Qe2 a6 12. a4 b6 13. d5 exd5 14. Nxd5 Bb7 15. e4
Nxd5 16. exd5 Nf6 17. Bg5 Qd6 18. Bxf6 Qxf6 19. Rfe1 b5 20. axb5 axb5 21. Rxa8
Bxa8 22. Bxb5 Bxd5 23. Qe7 Qxe7 24. Rxe7 Bf4 25. Ne5 Ra8 26. Kf1 Kf8 27. Nc6
Ra1+ 28. Re1 Bxg2+ 29. Ke2 Rxe1+ 30. Kxe1 Bxh2 31. Na5 h5 32. Nc4 h4 33. Ne3 h3
34. f4 Bg3+ 0-1

[Event "Czech open A"]
[Site "?"]
[Date "2013.07.24"]
[Round "6.67"]
[White "Kearns, Christopher"]
[Black "Repka, Christopher"]
[Result "0-1"]
[ECO "C11"]
[WhiteElo "2129"]
[BlackElo "2361"]
[PlyCount "39"]
[EventDate "2013.??.??"]
[TimeControl "6000+1440"]
[WhiteClock "0:47:10"]
[BlackClock "1:20:03"]

1. e4 e6 2. d4 d5 3. Nc3 Nf6 4. e5 Nfd7 5. f4 c5 6. Nf3 Nc6 7. Be3 a6 8. Qd2 b5
9. dxc5 Nxc5 10. Qf2 Ne4 11. Nxe4 dxe4 12. Nd4 Bb7 13. Be2 Be7 14. Nxc6 Bxc6
15. O-O O-O 16. Rfd1 Qc7 17. Rd2 f6 18. Bd4 fxe5 19. Bxe5 Qxe5 20. Bf1 0-1

[Event "Czech open A"]
[Site "?"]
[Date "2013.07.24"]
[Round "6.68"]
[White "Nagarajan, Raghavi"]
[Black "Farkas, Gabor"]
[Result "1-0"]
[ECO "C00"]
[WhiteElo "2097"]
[BlackElo "2359"]
[PlyCount "147"]
[EventDate "2013.??.??"]
[TimeControl "6000+1025"]
[WhiteClock "0:13:27"]
[BlackClock "0:44:00"]

1. e4 e6 2. d3 c5 3. Nf3 Nc6 4. g3 g6 5. Bg2 Bg7 6. O-O Nge7 7. c3 d5 8. Qe2
O-O 9. e5 b6 10. Bf4 a5 11. Nbd2 a4 12. a3 b5 13. h4 h5 14. Ng5 Nf5 15. Ndf3 b4
16. Bh3 bxc3 17. bxc3 Ra7 18. Rab1 Qa5 19. Rfc1 Nce7 20. g4 hxg4 21. Bxg4 Nh6
22. Nh2 Nef5 23. h5 Qd8 24. Rb8 Qc7 25. Rcb1 gxh5 26. Bxf5 exf5 27. Qxh5 Ra6
28. Nhf3 f6 29. exf6 Qxf4 30. fxg7 Rd8 31. R1b6 Rxb6 32. Rxb6 Qg4+ 33. Qxg4
Nxg4 34. Rc6 Kxg7 35. Rxc5 Kf6 36. d4 f4 37. Rc6+ Kf5 38. Nf7 Rg8 39. Rxc8 Rg7
40. N7g5 Rb7 41. Ra8 Rb1+ 42. Kg2 Rb2 43. Rf8+ Kg6 44. Rxf4 Ne3+ 45. Kg3 Nf5+
46. Kh3 Rb3 47. Nh4+ Nxh4 48. Kxh4 Rxa3 49. Rf8 Ra1 50. Rg8+ Kf5 51. Rf8+ Kg6
52. Nh3 a3 53. f3 Rc1 54. Nf4+ Kg7 55. Ra8 Rxc3 56. Kg3 Rb3 57. Nxd5 Kf7 58.
Ra6 Rd3 59. Nf4 Rxd4 60. Rxa3 Rd1 61. Kg4 Rb1 62. Ra7+ Kf6 63. Nh5+ Kg6 64.
Ra6+ Kf7 65. f4 Rc1 66. Ra7+ Kg6 67. f5+ Kh6 68. Ra6+ Kh7 69. Kg5 Rg1+ 70. Kf6
Rf1 71. Ng3 Rb1 72. Ne4 Rb4 73. Re6 Rb7 74. Re7+ 1-0